AoeStats
← sksarthak

Arabia

510390855Analyzed
1v1 RM · 1d ago on Sep 30, 2026· 40m 58s· 2 players
Game mode
Random Map
Map size
Tiny (2 player)
Population
200
Speed
Normal
Resources
Standard
Victory
Conquest
Starting age
Dark Age
Ending age
Imperial Age
RankedLock teamsTeams togetherTeam positionsShared explorationLock speedFull tech treeHidden civsTurbo modeCheats
Victory
Defeat
🇺🇸 Varangians · United States
1132
+17
🇨🇴 Bulgarians · Colombia
1154
-17
sksarthak
5:51 Loom
8:56 Feudal Age
10:15 Double-Bit Axe
17:01 Wheelbarrow
17:53 Horse Collar
20:32 Castle Age
18:54 Gold Mining
19:42 Bloodlines
20:36 Forging
20:32 Scale Barding Armor
22:31 Iron Casting
26:57 Husbandry
34:11 Fletching
39:19 Imperial Age
39:46 Chain Barding Armor
39:22 Bodkin Arrow
39:23 Cavalier
41:51 Blast Furnace
41:27 Plate Barding Armor
LRNI_Thegar
7:17 Loom
10:09 Feudal Age
10:54 Horse Collar
11:02 Double-Bit Axe
18:49 Wheelbarrow
20:22 Wheelbarrow
21:06 Scale Barding Armor
21:11 Forging
21:04 Scale Mail Armor
20:58 Gold Mining
22:41 Stone Mining
25:40 Castle Age
25:32 Bloodlines
27:12 Iron Casting
26:53 Chain Mail Armor
29:07 Redemption
Connection lost

Rejoining the realm…

Still unreachable

The connection could not be restored.

Session expired

The server has moved on; the page needs a fresh start.